 Dungeon Crawl Stone Soup version 0.29.1-2-gbd0b4ee654 (webtiles) character file.

Game seed: 1510866345796001900

133 nshep25 the Covered (level 4, -3/41 HPs)
             Began as a Minotaur Fighter on Nov 18, 2022.
             Killed by nerve-wracking pain
             ... invoked by Grinder
              (6 damage)
             ... on level 3 of the Dungeon.
             The game lasted 00:02:27 (2625 turns).

nshep25 the Covered (Minotaur Fighter)              Turns: 2625, Time: 00:02:28

Health: -3/41      AC:  9    Str: 22    XL:     4   Next: 94%
Magic:  3/3        EV:  9    Int:  5    God:
Gold:   143        SH:  4    Dex: 10    Spells: 3/3 levels left

rFire   . . .      SeeInvis .   a - +0 war axe
rCold   . . .      Faith    .   c - +0 buckler
rNeg    . . .      Spirit   .   b - +0 scale mail
rPois   .          Reflect  .   (helmet restricted)
rElec   .          Harm     .   t - +0 cloak
rCorr   .          Rampage  .   (no gloves)
Will    .....                   f - +0 pair of boots
Stlth   ..........              (no amulet)
HPRegen 0.13/turn               (no ring)
MPRegen 0.08/turn               (no ring)

@: no status effects
A: horns 2, retaliatory headbutt
a: no special abilities


You were on level 3 of the Dungeon.
You visited 1 branch of the dungeon, and saw 3 of its levels.

You collected 143 gold pieces.

Inventory:

Hand Weapons
 a - a +0 war axe (weapon)
Armour
 b - a +0 scale mail (worn)
 c - a +0 buckler (worn)
 f - a +0 pair of boots (worn)
 t - a +0 cloak (worn)
Scrolls
 e - 2 scrolls of teleportation {unknown}
 g - 4 scrolls of identify {unknown}
 h - a scroll of noise {unknown}
 q - a scroll of immolation {unknown}
 r - a scroll of enchant armour {unknown}
 s - a scroll of amnesia {unknown}
Potions
 d - a potion of might
 i - a potion of brilliance {unknown}
 j - a potion of haste {unknown}
 k - a potion of attraction {unknown}
 l - a potion of lignification {unknown}
 m - 2 potions of degeneration {unknown}
 n - a potion of invisibility {unknown}
 o - a potion of heal wounds {unknown}
 p - 2 potions of curing {unknown}


   Skills:
 + Level 4.5 Fighting
 + Level 3.9 Axes
 + Level 4.5 Armour
 + Level 1.4 Dodging
 + Level 0.2 Stealth
 + Level 4.1 Shields


You had 3 spell levels left.
You didn't know any spells.
Your spell library contained the following spells:

 Spells                   Type           Power      Damage    Failure   Level
 Magic Dart               Conj           0%         1d3       87%         1
 Call Imp                 Summ           0%         N/A       95%         2
 Mephitic Cloud           Conj/Pois/Air  0%         N/A       99%         3


Dungeon Overview and Level Annotations

Branches:
Dungeon (3/15)

Altars:

Annotations:
D:3 Grinder, Sigmund


Innate Abilities, Weirdness & Mutations

You have a pair of horns on your head.
You reflexively headbutt those who attack you in melee.


Message History

a +0 dagger; a +0 robe; an orc corpse You barely miss the orc.
You block the orc's attack. The orc barely misses you.
You slash the orc!
The orc is almost dead.
The orc barely misses you. You furiously retaliate!
You headbutt the orc!
You kill the orc!
Things that are here:
a +0 dagger; a +2 ring mail of poison resistance You open the door.
Grinder comes into view.
Grinder shouts!
Sigmund the Dreaded comes into view.
He is wielding a +0 scythe.
A dart slug comes into view.
Sigmund shouts!
The dart slug launches a dart at you. The slug dart misses you.
Grinder gestures at you.
You suddenly lose the ability to move!
You can move again.
There is an open door here.
Sigmund points at you and mumbles some strange words.
The puff of flame hits you!
Grinder says, "Tell me all your secrets, or I'll kill you."
Grinder gestures at you. You resist with significant effort.
Grinder blinks!
Grinder gestures at you. Pain shoots through your body!
Grinder blinks!
Grinder gestures at you. Pain shoots through your body!
You hit Grinder but do no damage. You headbutt Grinder.
Grinder is lightly wounded.
You block Grinder's attack. Sigmund gestures at you while chanting.
The puff of flame hits you!
* * * LOW HITPOINT WARNING * * *
Grinder gestures at you. Pain shoots through your body!
You die...

#.# #.# ##.## #.#
######...## #.#
#....(....########.#
#..###.......).....#
.#..###.....#########
........###.#
##..##.5# #.#
#.....@###.#
##.###.....#
#.####..### #.......#
######@##
#######.####
...........#
....#.#.##.#
##......)#.#


You could see Grinder and Sigmund.

Vanquished Creatures
  Crazy Yiuf (D:3)
  An orc wizard (D:3)
  2 adders (D:2)
  2 worms (D:2)
  2 dart slugs (D:1)
  4 orcs (D:3)
  5 ball pythons
  7 endoplasms
  2 giant cockroaches
  4 goblins
  5 hobgoblins
  2 kobolds (D:1)
  3 quokkas
  A frilled lizard (D:1)
  5 rats
46 creatures vanquished.

Notes
Turn   | Place    | Note
-------+----------+-------------------------------------------
     0 | D:1      | nshep25 the Minotaur Fighter began the quest for the Orb.
     0 | D:1      | Reached XP level 1. HP: 19/19 MP: 0/0
   320 | D:1      | Reached XP level 2. HP: 27/27 MP: 1/1
  1004 | D:1      | Reached XP level 3. HP: 30/33 MP: 2/2
  1400 | D:2      | Found a faded altar of an unknown god.
  1697 | D:2      | Reached skill level 1 in Dodging
  1915 | D:2      | Reached XP level 4. HP: 38/41 MP: 3/3
  2348 | D:3      | Found a runed translucent door.
  2349 | D:3      | Noticed Crazy Yiuf
  2353 | D:3      | Killed Crazy Yiuf
  2607 | D:3      | Noticed Grinder
  2607 | D:3      | Noticed Sigmund
  2608 | D:3      | Paralysed by Grinder for 2 turns
  2625 | D:3      | Killed from afar by Grinder

Illustrated notes

Levels and vault maps discovered:
D:1:      dpeg_arrival_erosion, layout_basic
D:2:      layout_basic, hellmonk_ecumenical_altar_pennies_from_heaven,
          serial_park_tiny_1, minmay_misc_feat_encased
D:3:      layout_loops_corners, gammafunk_ghost_necromancy, uniq_sigmund,
          uniq_grinder, uniq_crazy_yiuf_cottage

Skill      XL: |  1  2  3 |
---------------+----------+-----
Fighting       | 4 |  4.5
Shields        | 4 |  4.1
Armour         | 4 |  4.5
Axes           | 3 |  3.9
Dodging        | 1 |  1.4
Stealth        | |  0.2

Action                   |  1- 3 |  4- 6 || total
-------------------------+-------+-------++-------
Melee: War axe           |    67 |    23 ||    90
       Headbutt          |    15 |     5 ||    20
Armor: Scale mail        |    39 |    10 ||    49
Dodge: Dodged            |    22 |    18 ||    40
Block: Buckler           |    18 |     7 ||    25
